 Dungeon Crawl Stone Soup version 0.27-a0-385-g3208abaabc (webtiles) character file.

Game seed: 2599589233080749214

385 dickylongcocking the Sneak (level 6, 0/63 HPs)
             Began as an Octopode Fighter on Feb 18, 2021.
             Slain by an orc
             ... wielding a +0 short sword
              (4 damage)
             ... on level 4 of the Dungeon.
             The game lasted 00:02:34 (3082 turns).

dickylongcocking the Sneak (Octopode Fighter)       Turns: 3082, Time: 00:02:35

Health: 0/63       AC:  1    Str: 15    XL:     6   Next: 77%
Magic:  6/6        EV: 12    Int: 10    God:
Gold:   132        SH:  9    Dex: 14    Spells: 5/5 levels left

rFire    . . .     SeeInvis .     - Unarmed
rCold    . . .     Faith    .   a - +0 kite shield
rNeg     . . .     Spirit   .   (helmet restricted)
rPois    .         Reflect  .   (no amulet)
rElec    .         Harm     .   (no ring)
rCorr    .         Rampage  .   (no ring)
Will     .....                  (no ring)
Stlth    ..........             (no ring)
HPRegen  0.20/turn              (no ring)
MPRegen  0.10/turn              (no ring)
                                (no ring)
                                (no ring)

@: berserking (expiring), lethally poisoned (0 -> -2), very quick
A: almost no armour, stealthy swim, amphibious, 8 rings, constrict 8, camouflage
1, gelatinous body 1
a: no special abilities


You were on level 4 of the Dungeon.
You visited 1 branch of the dungeon, and saw 4 of its levels.

You collected 132 gold pieces.

Inventory:

Armour
 a - a +0 kite shield (worn)
Scrolls
 e - 5 scrolls of fog {unknown}
 f - a scroll of magic mapping {unknown}
 g - a scroll of immolation {unknown}
 h - 2 scrolls of fear {unknown}
 l - a scroll of enchant armour {unknown}
 m - a scroll of enchant weapon {unknown}
 n - a scroll of random uselessness {unknown}
 o - a scroll of amnesia
Potions
 b - a potion of lignification {unknown}
 c - 2 potions of flight
 d - a potion of berserk rage
 k - a potion of cancellation {unknown}


   Skills:
 - Level 3.0 Fighting
 - Level 3.0 Dodging
 * Level 6.3 Stealth
 - Level 3.0 Shields
 * Level 5.2 Unarmed Combat


You had 5 spell levels left.
You didn't know any spells.
Your spell library was empty.

Dungeon Overview and Level Annotations

Branches:
Dungeon (4/15)
 Temple: D:4-7

Altars:


Innate Abilities, Weirdness & Mutations

You cannot wear most types of armour.
You are very stealthy in the water. (Stealth+)
You are amphibious.
You can wear up to eight rings at the same time.
You can use your tentacles to constrict eight enemies at once.
Your skin changes colour to match your surroundings (Stealth+).
Your rubbery body absorbs attacks. (AC +1, EV +1)


Message History

You don't have any such object.
Drop what? 13/52 slots (_ for help) (? for menu, Esc to quit)
Okay, then.
Unknown command.
Unknown command.
You closely miss the adder. Your grab misses the adder.
Your squeeze misses the adder. The adder bites you.
* * * LOW HITPOINT WARNING * * *
You are poisoned.
The adder poisons you! You block the adder's attack.
The orc hits you with a +0 dagger.
* * * LOW HITPOINT WARNING * * *
The orc barely misses you. x2
Unknown command.
Unknown command.
You are too berserk!
Unknown command.
You bludgeon the adder!
You kill the adder!
You feel sick. The adder barely misses you.
Unknown command.
Unknown command.
You tentacle-slap the adder. You grab the adder.
The adder is moderately wounded.
You constrict the adder. The adder barely misses you.
You block the orc's attack. The orc closely misses you.
The orc barely misses you.
Unknown command.
You completely miss the adder. You squeeze the adder.
You kill the adder!
You block the orc's attack. The orc hits you but does no damage. x2
Unknown command.
You barely miss the orc. You grab the orc. You squeeze the orc.
You kill the orc!
You feel sick.
Unknown command.
You bludgeon the dart slug! You grab the dart slug. You squeeze the dart slug.
You kill the dart slug!
The orc hits you with a +0 short sword.
You die...

#.#(......
#####.........
##(............
:............
............ ..........#
..........# .......oo.#
.......)@.# ........†.#
#.........# #.#...##..#
# #...##..# ..#.(#...#
#.#......# h.#..###.#
####
.........############...


You could see 2 orcs.

Vanquished Creatures
  An ogre (D:4)
  A phantom (D:3)
  A scorpion (D:4)
  4 gnolls (D:3)
  7 adders
  A worm (D:2)
  2 dart slugs
  2 leopard geckos (D:1)
  An orc (D:4)
  2 ball pythons (D:2)
  4 giant cockroaches
  7 goblins
  10 hobgoblins
  4 jackals
  9 kobolds
  3 quokkas (D:2)
  7 bats
  3 frilled lizards (D:2)
  2 rats
71 creatures vanquished.

Vanquished Creatures (others)
  3 fungi (D:4)
  11 plants (D:4)
14 creatures vanquished.

Grand Total: 85 creatures vanquished

Notes
Turn   | Place    | Note
-------+----------+-------------------------------------------
     0 | D:1      | dickylongcocking the Octopode Fighter began the quest for
                  | the Orb.
     0 | D:1      | Reached XP level 1. HP: 16/16 MP: 1/1
   139 | D:1      | Reached XP level 2. HP: 21/21 MP: 2/2
   160 | D:1      | Reached skill level 1 in Stealth
   574 | D:1      | Reached XP level 3. HP: 19/26 MP: 3/3
   577 | D:1      | Reached skill level 2 in Stealth
  1331 | D:2      | Reached skill level 3 in Stealth
  1331 | D:2      | Reached XP level 4. HP: 11/31 MP: 4/4
  2010 | D:3      | Reached skill level 4 in Stealth
  2017 | D:3      | Reached XP level 5. HP: 4/36 MP: 5/5
  2293 | D:3      | Noticed a phantom
  2307 | D:3      | Killed a phantom
  2308 | D:3      | Reached skill level 5 in Stealth
  2622 | D:3      | Reached XP level 6. HP: 42/42 MP: 6/6
  2867 | D:4      | Reached skill level 6 in Stealth
  2867 | D:4      | Reached skill level 5 in Unarmed Combat
  3082 | D:4      | Slain by an orc

Illustrated notes

Levels and vault maps discovered:
D:1:      dpeg_arrival_rooms_with_view, layout_rooms
D:2:      layout_rooms
D:3:      layout_rooms, chequers_garden
D:4:      minmay_chambers_of_twos, layout_rooms, tgw_fedhas, dk_rats_in_the_wall

Skill      XL: |  1  2  3  4  5  6 |
---------------+-------------------+-----
Stealth        | 1 3 4 5 6 |  6.3
Unarmed Combat | 3 4 5 |  5.2
Fighting       | |  3.0
Dodging        | |  3.0
Shields        | |  3.0

Action                   |  1- 3 |  4- 6 || total
-------------------------+-------+-------++-------
Melee: Unarmed           |    84 |    94 ||   178
       Constrict         |    30 |    23 ||    53
       Tentacles         |    18 |    23 ||    41
       Punch             |     1 |     2 ||     3
  Use: Potion            |     1 |     4 ||     5
       Scroll            |       |     4 ||     4
 Stab: Sleeping          |     5 |     7 ||    12
       Invisible         |       |     1 ||     1
Armor: Skin              |    13 |     6 ||    19
Dodge: Dodged            |    51 |    56 ||   107
Block: Kite shield       |    53 |    45 ||    98

Table legend: (Time is in decaauts)
 A = Elapsed time spent in this place.
 B = Non-inter-level travel time spent in this place.
 C = Inter-level travel time spent in this place.
 D = Time resting spent in this place.
 E = Time spent auto-exploring this place.
 F = Levels seen in this place.
 G = Mean time per level.
                   A        B        C        D        E       F      G
               +--------+--------+--------+--------+--------+-----+--------+
         Total |   3111 |   3040 |     71 |    669 |   1905 |   4 |  777.8 |
       Dungeon |   3111 |   3040 |     71 |    669 |   1905 |   4 |  777.8 |
               +--------+--------+--------+--------+--------+-----+--------+

Top non-repeatable levels by time:
     D:1: 1043 daAuts
     D:2: 961 daAuts
     D:3: 861 daAuts
     D:4: 244 daAuts
